 Dungeon Crawl Stone Soup version 0.17.0-24-gcfadda4 (webtiles) character file.

251 Sorcv the Sneak (level 6, 32/32 HPs)
             Began as a Kobold Enchanter on Nov 15, 2015.
             Quit the game on level 4 of the Dungeon.
             The game lasted 00:06:22 (2032 turns).

Sorcv the Sneak (Kobold Enchanter)                  Turns: 2032, Time: 00:06:22

Health: 32/32      AC:  3    Str:  6    XL:     6   Next: 36%
Magic:  9/9        EV: 15    Int: 13    God:
Gold:   128        SH:  0    Dex: 19    Spells: 3 memorised, 3 levels left

rFire  . . .     SeeInvis .     l - +1 dagger (venom)
rCold  . . .     Clarity  .     b - +1 robe
rNeg   . . .     SustAt   .     (shield restricted)
rPois  .         Gourm    .     (no helmet)
rElec  .         Spirit   .     (no cloak)
rCorr  .         Warding  .     (no gloves)
rMut   .         Stasis   .     (no boots)
MR     .....                    (no amulet)
Stlth  ++++......               (no ring)
                                (no ring)

@: not resistant to hostile enchantments, stealthy
A: carnivore 3
a: no special abilities


You were on level 4 of the Dungeon.
You were very full.

You visited 2 branches of the dungeon, and saw 5 of its levels.

You collected 128 gold pieces.

Inventory:

Hand Weapons
 a - a +1 dagger
 l - a +1 dagger of venom (weapon)
Missiles
 r - 7 curare-tipped needles
Armour
 b - a +1 robe (worn)
Scrolls
 h - a scroll of amnesia
 i - 3 scrolls of fog {unknown}
 j - a scroll of recharging
 k - a scroll of enchant weapon
 m - a scroll of identify {unknown}
Potions
 e - 2 potions of resistance {unknown}
 f - a potion of flight {unknown}
 g - a potion of curing {unknown}
 n - a potion of heal wounds {unknown}
 o - a potion of ambrosia {unknown}
Books
 c - a book of Maledictions

   Spells                             Type                      Level
   a - Corona                         Hexes                        1
   b - Ensorcelled Hibernation        Hexes/Ice                    2
   c - Confuse                        Hexes                        3
   d - Tukima's Dance                 Hexes                        3
   e - Dazzling Spray                 Conjuration/Hexes            3
Comestibles
 d - a meat ration


   Skills:
 + Level 4.2 Short Blades
 - Level 2.4 Dodging
 + Level 6.3 Stealth
 - Level 2.0 Spellcasting
 + Level 4.7 Hexes


You had 3 spell levels left.
You knew the following spells:

 Your Spells              Type           Power        Failure   Level  Hunger
a - Corona                Hex            ##.....      4%          1    ##.....
b - Ensorcelled Hibernat  Hex/Ice        #.....       17%         2    ###....
c - Confuse               Hex            ##......     12%         3    ####...


Dungeon Overview and Level Annotations

Branches:
Dungeon (4/15)             Temple (1/1) D:4

Altars:
Dithmenos
Elyvilon
Fedhas
Gozag
Kikubaaqudgha
Okawaru
Qazlal
Ru
Trog


Innate Abilities, Weirdness & Mutations

You are small and have problems with some larger weapons.
You are carnivorous and can eat meat at any time.


Message History

The worm looks drowsy...
The helpless worm fails to defend itself.
You spit the worm like a pig!!!
You kill the worm!
Found a stone staircase leading up.
Found a leather armour.
You see here a leather armour.
You see here a leather armour.
You see here a leather armour.
Your magical contamination has completely faded away.
Magic restored.
j - a scroll of recharging An adder comes into view.
The adder moves out of view.
m - a scroll labeled FOAZEURIZ UBBI
Found a quarterstaff.
Found a stone staircase leading down.
You see here a quarterstaff.
Found a stone staircase leading up.
Are you sure you want to abandon this character and quit the game? (Confirm with "yes".)

...+.........#.....#
.#.#.........#.....#
.#.####............#
.#.# ##..##.....#)##
.#.# #..##....##..#
.#.# #..##....##..##
...# #..##....##...#
.### ...##....##..>#
....
........#.@..#.# ###
.#..#####.#..#.#
##.# #.#..#.#
#.#..#.# #<#..#.#
###..#.# ...... ##..


There were no monsters in sight!

Vanquished Creatures
  A centaur zombie (D:3)
  An orc priest (D:3)
  3 orc wizards (D:3)
  2 adders
  An ooze (D:2)
  3 worms
  3 giant geckos (D:2)
  6 orcs (D:3)
  4 giant cockroaches
  7 hobgoblins
  2 quokkas
  7 bats
  4 giant newts
  8 goblins
  10 kobolds
  A quokka skeleton (D:3)
  2 rats (D:2)
65 creatures vanquished.

Notes
Turn   | Place    | Note
--------------------------------------------------------------
     0 | D:1      | Sorcv the Kobold Enchanter began the quest for the Orb.
     0 | D:1      | Reached XP level 1. HP: 10/10 MP: 3/3
   430 | D:1      | Reached XP level 2. HP: 15/15 MP: 5/5
   529 | D:1      | Learned a level 2 spell: Ensorcelled Hibernation
   623 | D:1      | Reached XP level 3. HP: 12/19 MP: 6/6
   865 | D:2      | Reached XP level 4. HP: 18/24 MP: 7/7
   895 | D:2      | Found an opulent altar of Gozag.
  1023 | D:2      | Reached skill level 5 in Stealth
  1239 | D:3      | Reached XP level 5. HP: 28/28 MP: 8/8
  1329 | D:3      | Found a shadowy altar of Dithmenos.
  1356 | D:3      | Learned a level 3 spell: Confuse
  1459 | D:3      | Reached XP level 6. HP: 26/32 MP: 6/9
  1464 | D:3      | Reached skill level 6 in Stealth
  1804 | D:4      | Found a staircase to the Ecumenical Temple.
  1814 | Temple   | Entered the Ecumenical Temple
  2032 | D:4      | Quit the game

Action                   |  1- 3 |  4- 6 || total
-------------------------+-------+-------++-------
Melee: Dagger            |    88 |   102 ||   190
 Cast: Corona            |     1 |       ||     1
       Ensorcelled Hiber |     2 |     7 ||     9
       Confuse           |       |     2 ||     2
  Use: Scroll            |       |     8 ||     8
 Stab: Sleeping          |    13 |    15 ||    28
       Distracted        |       |     1 ||     1
       Confused          |       |     2 ||     2
  Eat: Chunk             |     1 |    10 ||    11
